 Dungeon Sprint DCSS version 0.15.2 (webtiles) character file.

9317 Groucho the Unseen (level 11, -15/62 HPs)
             Began as a Spriggan Enchanter on Jan 5, 2019.
             Demolished by a large slime creature (38 damage)
             ... in the Dungeon (Sprint II: "The Violet Keep of Menkaure").
             The game lasted 00:08:44 (1041 turns).

Groucho the Unseen (Spriggan Enchanter)             Turns: 1041, Time: 00:08:44

HP -15/62        AC  3     Str  5      XL: 11   Next: 21%
MP   4/34        EV 31     Int 15      God:
Gold 518         SH  0     Dex 17      Spells:  8 memorised, 14 levels left

rFire  . . .     SeeInvis +     a - +1 dagger (curse)
rCold  . . .     Clarity  .     b - +1 robe
rNeg   . . .     rCorr    .     (shield restricted)
rPois  .         rRot     .     (helmet restricted)
rElec  .         Spirit   .     (no cloak)
SustAb .         Warding  .     (gloves unavailable)
rMut   .         NoTele   +     (boots unavailable)
Gourm  .                        (no amulet)
MR     +....                    (no ring)
                                (no ring)

@: repel missiles, very quick, somewhat resistant to hostile enchantments,
extraordinarily stealthy
A: unfitting armour, see invisible, dopey 1, herbivore 3, speed 3, slow
metabolism 2, weak 1
a: no special abilities


You were in the Dungeon.
You were not hungry.

You visited 1 branch You collected 1134 gold pieces.
You spent 616 gold pieces at shops.

Inventory:

Hand weapons
 a - a cursed +1 dagger (weapon)
Armour
 b - a +1 robe (worn)
Scrolls
 j - a scroll of blinking
Potions
 d - a potion of porridge
 e - a potion of curing
 g - 3 potions of flight {unknown}
 h - a potion of magic
Books
 c - a book of Maledictions

   Spells                             Type                      Level
   *Corona                            Hexes                        1
   Sure Blade                         Hexes/Charms                 2
   *Ensorcelled Hibernation           Hexes/Ice                    2
   *Confuse                           Hexes                        3
   *Dazzling Spray                    Conjuration/Hexes            3
   Enslavement                        Hexes                        4
 i - a book of Air

   Spells                             Type                      Level
   Shock                              Conjuration/Air              1
   Swiftness                          Charms/Air                   2
   *Repel Missiles                    Charms/Air                   2
   *Flight                            Charms/Air                   3
   Static Discharge                   Conjuration/Air              3
   Lightning Bolt                     Conjuration/Air              5
 l - a book of Frost

   Spells                             Type                      Level
   Freeze                             Ice                          1
   Throw Frost                        Conjuration/Ice              2
   *Ozocubu's Armour                  Charms/Ice                   3
   Throw Icicle                       Conjuration/Ice              4
   Summon Ice Beast                   Ice/Summoning                4
   *Condensation Shield               Ice                          4


   Skills:
 * Level 9.2 Fighting
 * Level 11.8 Short Blades
 * Level 14.9 Dodging
 + Level 18.3 Stealth
 + Level 12.6 Spellcasting
 * Level 15.1 Hexes


You had 14 spell levels left.
You knew the following spells:

 Your Spells              Type           Power        Failure   Level  Hunger
a - Corona                Hex            ######.      0%          1    None
b - Ensorcelled Hibernat  Hex/Ice        ####..       1%          2    None
c - Confuse               Hex            ######..     1%          3    None
d - Dazzling Spray        Conj/Hex       ####....     1%          3    None
e - Flight                Chrm/Air       #.........   24%         3    None
f - Repel Missiles        Chrm/Air       #.....       12%         2    None
g - Ozocubu's Armour      Chrm/Ice       #.......     24%         3    None
h - Condensation Shield   Ice            #.........   78%         4    ###....


Dungeon Overview and Level Annotations

Branches:
Dungeon (1/1)

Altars:
Cheibriados
Dithmenos
Elyvilon
Fedhas
Kikubaaqudgha
Makhleb
Nemelex Xobeh
Okawaru
Qazlal
Sif Muna
Trog
Xom
The Shining One
Jiyva
Lugonu

Shops:
D %(:!=:=:[[(}!?:!

Annotations:
D exclusion: oklob plant


Innate Abilities, Weirdness & Mutations

You are tiny and cannot use many weapons and most armour.
You have supernaturally acute eyesight.
You are a herbivore.
You cover ground extremely quickly.
You need consume almost no food.
You are dopey. (Int -2)
You are weak. (Str -2)


Message History

Press: ? - help, Shift-Dir - straight line, f/p - large slime creature
Aim: a large slime creature The large slime creature resists with significant effort.
The large slime creature hits you!
Casting: Confuse
Confirm with . or Enter, or press ? or * to list all spells.
Aiming: Confuse
Press: ? - help, Shift-Dir - straight line, f/p - large slime creature
Aim: a large slime creature The large slime creature resists with significant effort.
The large slime creature completely misses you.
Casting: Confuse
Confirm with . or Enter, or press ? or * to list all spells.
Aiming: Confuse
Press: ? - help, Shift-Dir - straight line, f/p - large slime creature
Aim: a large slime creature The large slime creature resists with significant effort.
The large slime creature hits you!!!
Ouch! That really hurt!
You die...

#H$.$.# #...$# ##''##
##≈...### # #)≈.....###
#+++#+ ####...G#%## .....
#..'..HG#.%# ≈.##+#
#..####J#.%#
≈##..###.####$?+@##.#
≈#..##.# ...#.)#.^.####
###.#.####..#####..##)#
.###'###.##..#..'..#.%#
..##.##...#..#.)#..#%%#
#.'.<.'.##'..####..##.#
).##.##...#....###...##▓▓▓
.###'###.##......≈≈≈≈≈≈≈≈≈≈≈≈
####.#####≈≈...§§≈#+########


You could see a griffon, a large slime creature and 2 shining eyes.

Vanquished Creatures
  A deep elf master archer (D)
  A crystal guardian (D)
  A death yak (D)
  2 death drakes (D)
  2 unseen horrors (D)
  A shining eye (D)
  2 griffons (D)
  A mermaid (D)
  A yaktaur (D)
  A slime creature (D)
  3 polar bears (D)
  2 redbacks (D)
  2 wyverns (D)
  3 soldier ants (D)
  Menkaure (D)
  2 swamp drakes (D)
  4 necrophages (D)
  A yellow wasp (D)
  An orange rat (D)
  4 worker ants (D)
  3 worms (D)
  A spectral goblin (D)
  A spectral rat (D)
41 creatures vanquished.

Vanquished Creatures (others)
  A baby alligator (D)
  A crocodile (D)
2 creatures vanquished.

Grand Total: 43 creatures vanquished

Notes
Turn   | Place    | Note
--------------------------------------------------------------
     0 | D        | Groucho, the Spriggan Enchanter, began the quest for the Orb.
     0 | D        | Reached XP level 1. HP: 9/9 MP: 4/4
     1 | D        | Noticed a mermaid
     5 | D        | Noticed a necrophage
     5 | D        | Noticed a necrophage
     5 | D        | Noticed a necrophage
     5 | D        | Noticed a necrophage
    17 | D        | Killed a necrophage
    17 | D        | Reached skill level 10 in Stealth
    17 | D        | Reached skill level 5 in Spellcasting
    17 | D        | Reached XP level 2. HP: 13/13 MP: 5/11
    17 | D        | Reached XP level 3. HP: 16/16 MP: 6/14
    17 | D        | Reached XP level 4. HP: 21/21 MP: 7/18
    21 | D        | Killed a necrophage
    21 | D        | Reached skill level 12 in Stealth
    21 | D        | Reached XP level 5. HP: 24/24 MP: 7/21
    28 | D        | Killed a necrophage
    28 | D        | Reached skill level 13 in Stealth
    32 | D        | Killed a necrophage
    32 | D        | Reached skill level 14 in Stealth
    32 | D        | Reached XP level 6. HP: 28/28 MP: 8/24
    38 | D        | Learned a level 2 spell: Ensorcelled Hibernation
    42 | D        | Learned a level 3 spell: Confuse
    46 | D        | Learned a level 3 spell: Dazzling Spray
    84 | D        | Killed a crocodile
   105 | D        | Killed a baby alligator
   236 | D        | Noticed a worker ant
   236 | D        | Noticed a worker ant
   238 | D        | Noticed a worker ant
   238 | D        | Noticed a worker ant
   239 | D        | Killed a worker ant
   240 | D        | Killed a worker ant
   240 | D        | Reached skill level 15 in Stealth
   242 | D        | Killed a worker ant
   245 | D        | Killed a worker ant
   255 | D        | Killed a mermaid
   255 | D        | Reached skill level 5 in Dodging
   255 | D        | Reached skill level 10 in Hexes
   255 | D        | Reached XP level 7. HP: 30/35 MP: 27/27
   263 | D        | Found Ghuigaol's Gadget Shop.
   263 | D        | Found Ixaucuo's Antique Armour Boutique.
   263 | D        | Found Puyfub's Magic Scroll Shop.
   263 | D        | Found Tuerir's Antique Armour Boutique.
   263 | D        | Found Cyb Phudud's Distillery.
   263 | D        | Found Ifumnerph's Weapon Boutique.
   263 | D        | Found Totsus' Book Shop.
   263 | D        | Found Mozxemn's Distillery.
   263 | D        | Found Phuntiul's Book Boutique.
   264 | D        | Found Mnept's Jewellery Shop.
   264 | D        | Found Eran's Book Boutique.
   265 | D        | Noticed Menkaure
   266 | D        | Found Gofisunk's Jewellery Boutique.
   438 | D        | Found Klaojiutt's Distillery.
   441 | D        | Killed Menkaure
   446 | D        | Noticed a spiny frog
   446 | D        | Noticed a spiny frog
   447 | D        | Found Cuteosuc's Antique Weapon Shop.
   447 | D        | Noticed an oklob plant
   449 | D        | Found Clur's Food Boutique.
   451 | D        | Noticed a hell hog
   454 | D        | Noticed a great orb of eyes
   456 | D        | Found Upuu's Book Shoppe.
   458 | D        | Noticed a hell hog
   467 | D        | Bought a book of Air for 490 gold pieces
   472 | D        | Learned a level 3 spell: Flight
   475 | D        | Learned a level 2 spell: Repel Missiles
   491 | D        | Bought a potion of invisibility for 71 gold pieces
   500 | D        | Bought a potion of invisibility for 55 gold pieces
   518 | D        | Noticed an orange rat
   525 | D        | Killed an orange rat
   532 | D        | Learned a level 3 spell: Ozocubu's Armour
   537 | D        | Learned a level 4 spell: Condensation Shield
   680 | D        | Found a bloodstained altar of Trog.
   680 | D        | Found a viscous altar of Jiyva.
   681 | D        | Found a shimmering altar of Xom.
   681 | D        | Found a white marble altar of Elyvilon.
   681 | D        | Found a stormy altar of Qazlal.
   681 | D        | Found a burning altar of Makhleb.
   681 | D        | Found an iron altar of Okawaru.
   682 | D        | Found an ancient bone altar of Kikubaaqudgha.
   687 | D        | Found a corrupted altar of Lugonu.
   687 | D        | Found a deep blue altar of Sif Muna.
   687 | D        | Found a glowing golden altar of the Shining One.
   687 | D        | Found a sparkling altar of Nemelex Xobeh.
   687 | D        | Found a blossoming altar of Fedhas.
   688 | D        | Found a snail-covered altar of Cheibriados.
   691 | D        | Found a shadowy altar of Dithmenos.
   691 | D        | Noticed a yaktaur
   691 | D        | Noticed a yellow wasp
   691 | D        | Noticed a polar bear
   692 | D        | Noticed a polar bear
   692 | D        | Noticed a polar bear
   693 | D        | Killed a polar bear
   693 | D        | Reached skill level 5 in Short Blades
   693 | D        | Reached skill level 16 in Stealth
   693 | D        | Reached XP level 8. HP: 41/41 MP: 21/29
   694 | D        | Killed a polar bear
   694 | D        | Reached skill level 10 in Spellcasting
   696 | D        | Killed a polar bear
   697 | D        | Killed a yellow wasp
   699 | D        | Killed a yaktaur
   699 | D        | Reached skill level 5 in Fighting
   707 | D        | Noticed an unseen horror
   708 | D        | Noticed an unseen horror
   709 | D        | Killed an unseen horror
   709 | D        | Reached skill level 10 in Dodging
   709 | D        | Reached XP level 9. HP: 44/47 MP: 22/30
   711 | D        | Killed an unseen horror
   719 | D        | Noticed a death yak
   721 | D        | Killed a death yak
   721 | D        | Reached skill level 17 in Stealth
   724 | D        | Noticed a deep elf master archer
   942 | D        | Noticed a soldier ant
   942 | D        | Noticed a soldier ant
   942 | D        | Noticed a soldier ant
   944 | D        | Killed a soldier ant
   945 | D        | Killed a soldier ant
   947 | D        | Killed a soldier ant
   958 | D        | Killed a deep elf master archer
   958 | D        | Reached skill level 10 in Short Blades
   958 | D        | Reached XP level 10. HP: 53/56 MP: 28/32
   968 | D        | Noticed a death drake
   968 | D        | Noticed a swamp drake
   969 | D        | Noticed a death drake
   969 | D        | Noticed a crystal guardian
   969 | D        | Noticed a swamp drake
   970 | D        | Killed a swamp drake
   972 | D        | Killed a crystal guardian
   973 | D        | Killed a death drake
   974 | D        | Killed a swamp drake
   974 | D        | Reached skill level 18 in Stealth
   976 | D        | Killed a death drake
   990 | D        | Noticed a griffon
   990 | D        | Noticed a griffon
   990 | D        | Noticed a slime creature
   990 | D        | Noticed a slime creature
   990 | D        | Noticed a griffon
   990 | D        | Noticed a slime creature
   990 | D        | Noticed a redback
   990 | D        | Noticed a shining eye
   990 | D        | Noticed a shining eye
   990 | D        | Noticed a shining eye
   991 | D        | Noticed a redback
   991 | D        | Noticed a wyvern
   991 | D        | Noticed a wyvern
   993 | D        | Gained mutation: You are dopey. (Int -2) [a shining eye]
   994 | D        | Gained mutation: You are weak. (Str -2) [a shining eye]
  1004 | D        | Killed a redback
  1009 | D        | Killed a wyvern
  1009 | D        | Reached XP level 11. HP: 60/60 MP: 15/34
  1011 | D        | Killed a wyvern
  1017 | D        | Killed a shining eye
  1021 | D        | Killed a redback
  1025 | D        | Killed a slime creature
  1031 | D        | Killed a griffon
  1031 | D        | Reached skill level 15 in Hexes
  1036 | D        | Killed a griffon
  1041 | D        | Demolished by a large slime creature

Action                   |  1- 3 |  4- 6 |  7- 9 | 10-12 || total
-------------------------+-------+-------+-------+-------++-------
Melee: Dagger            |    10 |    24 |    22 |    18 ||    74
 Cast: Ensorcelled Hiber |       |     1 |     1 |    16 ||    18
       Confuse           |       |       |     3 |     4 ||     7
       Flight            |       |       |     2 |       ||     2
       Ozocubu's Armour  |       |       |     1 |       ||     1
       Repel Missiles    |       |       |     1 |       ||     1
       Dazzling Spray    |       |       |       |     5 ||     5
  Use: Potion            |     1 |       |     3 |     2 ||     6
 Stab: Sleeping          |       |     8 |    12 |    12 ||    32
       Confused          |       |       |     2 |       ||     2
       Invisible         |       |       |       |     1 ||     1
